 Dungeon Crawl Stone Soup version 0.28.0-53-g5a82cb258f (webtiles) character file.

Game seed: 18274532396203392939

1598 suse60 the Digger (level 8, -6/41 HPs)
             Began as a Gargoyle Earth Elementalist on June 3, 2022.
             Was a Follower of Vehumet.
             Shot with a sling bullet by Joseph (7 damage)
             ... on level 8 of the Dungeon on June 9, 2022.
             The game lasted 01:04:12 (7466 turns).

suse60 the Digger (Gargoyle Earth Elementalist)     Turns: 7466, Time: 01:04:13

Health: -6/41      AC: 13    Str: 11    XL:     8   Next: 93%
Magic:  14/14      EV: 12    Int: 23    God:    Vehumet [*.....]
Gold:   69         SH:  0    Dex: 15    Spells: 9/16 levels left

rFire   + . .      SeeInvis .   l - +6 whip "Repile" {venom, rElec rF+ Dex+3}
rCold   . . .      Faith    .   (no shield)
rNeg    + . .      Spirit   .   w - +0 acid dragon scales
rPois   ∞          Reflect  .   r - +0 helmet
rElec   +          Harm     .   u - scarf {repulsion}
rCorr   +          Rampage  .   m - +0 pair of gloves
Will    .....                   (no boots)
Stlth   ++........              (no amulet)
HPRegen 0.13/turn               g - +6 ring of intelligence
MPRegen 0.14/turn               (no ring)

@: repel missiles
A: sickness immunity, AC +5, negative energy resistance 1, electricity
resistance, torment resistance 1, petrification resistance
a: Renounce Religion


You were on level 8 of the Dungeon.
You worshipped Vehumet.
Vehumet was aware of your devotion.
You visited 2 branches of the dungeon, and saw 9 of its levels.

You collected 297 gold pieces.
You spent 228 gold pieces at shops.

Inventory:

Hand Weapons
 l - the +6 whip "Repile" (weapon) {venom, rElec rF+ Dex+3}
   (You found it on level 1 of the Dungeon)

   It poisons the flesh of those it strikes.
   Dex:       It affects your dexterity (+3).
   rF:        It protects you from fire.
   rElec:     It insulates you from electricity.
Missiles
 c - 244 stones
 j - a throwing net
Armour
 e - the +2 robe of the Lich-sworn {Slay+2}
   (You took it off an orc on level 6 of the Dungeon)

   Slay:      It affects your accuracy & damage with ranged weapons and melee
   (+2).
 m - a +0 pair of gloves (worn)
 r - a +0 helmet (worn)
 u - a scarf of repulsion (worn)
 w - +0 acid dragon scales (worn)
Jewellery
 g - a +6 ring of intelligence (left hand)
Scrolls
 f - 3 scrolls of teleportation
 i - a scroll of fog {unknown}
 o - a scroll of holy word {unknown}
 p - a scroll of enchant weapon {unknown}
 q - a scroll of silence {unknown}
 s - a scroll of enchant armour {unknown}
 t - a scroll of summoning
 x - a scroll of magic mapping
Potions
 a - 4 potions of curing
 b - a potion of flight {unknown}
 d - a potion of cancellation {unknown}
 n - a potion of ambrosia {unknown}
 v - a potion of might {unknown}


   Skills:
 - Level 2.6 Maces & Flails
 - Level 3.5 Dodging
 - Level 2.1 Stealth
 + Level 4.5 Spellcasting
 - Level 7.0 Conjurations
 - Level 0.7 Transmutations
 - Level 7.7 Earth Magic


You had 9 spell levels left.
You knew the following spells:

 Your Spells              Type           Power      Damage    Failure   Level
a - Sandblast             Erth           80%        2d17      1%          1
b - Stone Arrow           Conj/Erth      78%        3d11      2%          3
c - Passwall              Tmut/Erth      20%        N/A       4%          2
d - Foxfire               Conj/Fire      84%        2x1d8     3%          1

Your spell library contained the following spells:

 Spells                   Type           Power      Damage    Failure   Level
 Apportation              Tloc           10%        N/A       16%         1
 Petrify                  Tmut/Erth      24%        N/A       26%         4
 Irradiate                Conj/Tmut      11%        3d17      65%         5
 Alistair's Intoxication  Tmut/Pois      4%         N/A       98%         5
 Dispersal                Tloc           2%         N/A       100%        6
 Disjunction              Tloc           2%         N/A       100%        8
 Sublimation of Blood     Necr           Unusable   N/A       N/A         2

Dungeon Overview and Level Annotations

Branches:
Dungeon (8/15)             Temple (1/1) D:5
   Lair: D:8-11

Altars:
Fedhas
Gozag
Hepliaklqana
Kikubaaqudgha
Nemelex Xobeh
Okawaru
Ru
Uskayaw
Vehumet
Wu Jian
Xom
Zin
The Shining One

Shops:
D:4 !   D:6 **   D:7 :=

Annotations:
D:8 Joseph


Innate Abilities, Weirdness & Mutations

You are immune to sickness and miasma.
Your stone body is resilient. (AC +5)
You are immune to poison.
You resist negative energy. (rN+)
You are resistant to electric shocks. (rElec)
You are resistant to unholy torment.
You are immune to petrification.


Message History

Found a stone staircase leading down.
Found a stone staircase leading up.
There is a stone staircase leading up here.
You feel your willpower return.
Found a hand crossbow.
You open the door.
A centaur zombie comes into view.
There is an open door here.
Found 17 arrows.
The centaur zombie hits you but does no damage.
The centaur zombie kicks you but does no damage.
You hit the centaur zombie.
The centaur zombie is lightly damaged.
The centaur zombie closely misses you. The centaur zombie barely misses you.
You whack the centaur zombie!
The centaur zombie is moderately damaged.
The centaur zombie closely misses you. The centaur zombie barely misses you.
You whack the centaur zombie!
The centaur zombie is severely damaged.
The centaur zombie barely misses you. x3
The centaur zombie completely misses you.
You hit the centaur zombie.
The centaur zombie is almost destroyed.
The centaur zombie closely misses you.
The centaur zombie kicks you but does no damage.
You whack the centaur zombie!
You destroy the centaur zombie!
Vehumet accepts your kill.
Joseph, a Mercenary comes into view.
He is wielding a +0 quarterstaff.
Joseph shouts!
Joseph unwields a +0 quarterstaff.
Joseph wields a +0 vorpal hunting sling.
Joseph shoots a sling bullet.
The sling bullet closely misses you.
Joseph shoots a sling bullet.
The sling bullet hits you!
Joseph shoots a sling bullet.
The sling bullet hits you but does no damage.
Joseph shoots a sling bullet.
The sling bullet hits you!!
Ouch! That really hurt!
* * * LOW HITPOINT WARNING * * *
You die...

........(.....##.#.####.#
@.............##.#.#....#
#....@...#...##.#.#.#..#
######.......##........#
#.......####.##.#.#
#....####....#..#.#
####.......#'####.##.#
#.................##.#
#.........@........#.#
#.........)......###.#
###..............# ..
#..............#
#..............##########
#......#######..........#
#..............########.#
####'####...............#
#...............#


You could see Joseph.

Vanquished Creatures
  An acid dragon (D:7)
  An ice beast (D:6)
  A black bear (D:6)
  An ogre (D:5)
  2 centaurs
  A phantom (D:7)
  A kobold brigand (D:7)
  A water moccasin zombie (D:6)
  2 scorpions
  3 centaur zombies
  A centaur skeleton (D:5)
  2 hounds
  2 orc priests (D:7)
  A gnoll shaman (D:5)
  2 iguanas
  Terence (D:2)
  5 orc wizards
  A hound zombie (D:5)
  8 gnolls
  5 adders
  An adder skeleton (D:4)
  2 worms (D:2)
  5 dart slugs
  20 orcs
  5 endoplasms
  2 giant cockroaches
  12 goblins
  8 hobgoblins
  7 quokkas
  6 ball pythons
  3 bats
  4 frilled lizards
  8 kobolds
  6 rats
131 creatures vanquished.

Vanquished Creatures (others)
  A plant (D:3)
1 creature vanquished.

Grand Total: 132 creatures vanquished

Notes
Turn   | Place    | Note
-------+----------+-------------------------------------------
     0 | D:1      | suse60 the Gargoyle Earth Elementalist began the quest for
                  | the Orb.
     0 | D:1      | Reached XP level 1. HP: 10/10 MP: 3/3
   272 | D:1      | Reached XP level 2. HP: 15/15 MP: 3/5
   665 | D:1      | Identified the +6 whip "Repile" {venom, rElec rF+ Dex+3}
   778 | D:2      | Reached XP level 3. HP: 19/19 MP: 6/6
   942 | D:2      | Noticed Terence
   948 | D:2      | Learned a level 3 spell: Stone Arrow
   956 | D:2      | Killed Terence
  1186 | D:2      | Reached XP level 4. HP: 24/24 MP: 8/8
  1978 | D:3      | Found a faded altar of an unknown god.
  2413 | D:4      | Found Ysigg's Distillery.
  2604 | D:4      | Reached XP level 5. HP: 28/28 MP: 7/9
  2609 | D:4      | Reached skill level 1 in Maces & Flails
  2609 | D:4      | Reached skill level 5 in Earth Magic
  3073 | D:4      | Bought a potion of curing for 36 gold pieces
  3073 | D:4      | Bought a potion of curing for 36 gold pieces
  3358 | D:4      | Reached XP level 6. HP: 32/32 MP: 8/11
  3388 | D:5      | Entered Level 5 of the Dungeon
  3430 | D:5      | Learned a level 2 spell: Passwall
  3666 | D:5      | Reached XP level 7. HP: 36/36 MP: 9/12
  3838 | D:5      | Found a staircase to the Ecumenical Temple.
  3851 | Temple   | Entered the Ecumenical Temple
  3945 | Temple   | Became a worshipper of Vehumet
  3991 | D:5      | Reached skill level 1 in Conjurations
  4851 | D:6      | Identified the +2 robe of the Lich-sworn {Slay+2}
  5056 | D:6      | Reached XP level 8. HP: 41/41 MP: 14/14
  5115 | D:6      | Found Zosomed's Specific Store.
  5119 | D:6      | Found Plog's General Store.
  5132 | D:6      | Bought a scarf of repulsion for 156 gold pieces
  5195 | D:6      | Found a hazy altar of Hepliaklqana.
  5267 | D:6      | Identified the amulet of Vystrea {Faith rPois rN++ Str+6
                  | Int-2}
  5312 | D:6      | Reached skill level 5 in Conjurations
  6030 | D:7      | Found Xuoro's Self-Improvement Boutique.
  6202 | D:7      | Reached * piety under Vehumet
  6202 | D:7      | Offered knowledge of Foxfire by Vehumet.
  6206 | D:7      | Learned a level 1 spell: Foxfire
  6290 | D:7      | Found Ypliuta's Jewellery Shoppe.
  7456 | D:8      | Noticed Joseph
  7466 | D:8      | HP: 1/41 [Joseph/sling bullet (22)]
  7466 | D:8      | Shot with a sling bullet by Joseph

Illustrated notes

Levels and vault maps discovered:
D:1:      giann_bridges, layout_basic, minivault_5
D:2:      layout_loops_ring, uniq_terence
D:3:      layout_basic, shapermc_ecumenical_altar_mp_ritualfount
D:4:      layout_loops_ring, serial_shops, nicolae_inconvenience_store,
          wad_orctagon
D:5:      layout_loops_ring, minmay_temple_entry_junction,
          grunt_decor_one_mirror
D:6:      layout_basic, nzn_hepliaklqana_mist_gate, nicolae_specific_store
D:7:      layout_layer_cave, serial_shops, nicolae_shop_window_shopping,
          hangedman_decor_growths, minmay_misc_feat_iff, grunt_ministairs_8,
          nicolae_shop_self_help
D:8:      layout_basic, uniq_joseph
Temple:   mainiacjoe_temple_hex_bubbles

Skill      XL: |  1  2  3  4  5  6  7  8 |
---------------+-------------------------+-----
Earth Magic    | 4 5 7 |  7.7
Dodging        | 2 3 |  3.5
Spellcasting   | 3 4 |  4.5
Maces & Flails | 1 2 |  2.6
Conjurations   | 4 7 |  7.0
Stealth        | |  2.1
Transmutations | |  0.7

Action                   |  1- 3 |  4- 6 |  7- 9 || total
-------------------------+-------+-------+-------++-------
Melee: Whip              |    14 |    95 |   105 ||   214
       Punch             |       |     3 |       ||     3
 Cast: Sandblast         |    21 |    27 |    41 ||    89
       Stone Arrow       |       |       |     4 ||     4
  Use: Scroll            |     2 |     3 |     5 ||    10
 Stab: Sleeping          |     2 |     9 |     4 ||    15
       Distracted        |       |       |     1 ||     1
Armor: Robe              |     5 |    14 |    15 ||    34
       Leather armour    |       |     3 |    15 ||    18
       Acid dragon scale |       |       |    28 ||    28
Dodge: Dodged            |     7 |    40 |    84 ||   131
